Map: Ulrena

Players

TargA

  • Race: Zerg Zerg

iGMacSed (MacSed) - Winner!

  • Race: Protoss Protoss

Event: NationWars III

VOD

Have the link to the VOD?

Description

Time

  • Played on: Dec. 4, 2015, 2:36 p.m.
  • Length: 7:40
Show
View Real Time Build Order
Export as new Build Order

TargA Zerg 

Build Orders: Hatch First 

Get SALT Encoding   

  12  0:01  Drone  
  13  0:13  Overlord  
  13  0:18  Drone  
  14  0:31  Drone x2  
  14  0:35  Drone  
  17  0:54  Hatchery  
  17  0:56  Drone  
  17  0:59  Drone  
  18  1:06  Extractor  
  18  1:07  Drone  
  18  1:18  Spawning Pool  
  18  1:23  Drone  
  18  1:30  Drone  
  19  1:40  Overlord  
  19  1:51  Drone  
  20  2:01  Drone  
  20  2:05  Queen x2  
  20  2:07  Metabolic Boost  
  25  2:10  Zergling x2  
  25  2:13  Drone  
  27  2:17  Drone  
  28  2:26  Drone  
  29  2:31  Drone  
  29  2:35  Drone  
  31  2:38  Drone  
  32  2:48  Hatchery, Overlord  
  32  2:50  Drone  
  32  2:55  Drone  
  33  3:03  Queen  
  33  3:05  Drone  
  36  3:12  Drone  
  37  3:13  Drone  
  37  3:15  Drone x5  
  37  3:18  Drone  
  44  3:22  Overlord  
  43  3:40  Roach Warren, Overlord, Queen  
  44  3:44  Drone x2  
  44  3:45  Drone x2  
  49  3:48  Drone x2  
  49  3:53  Drone  
  51  4:03  Drone x4  
  51  4:04  Drone  
  51  4:06  Queen  
  51  4:09  Extractor  
  57  4:11  Lair  
  57  4:14  Zergling x6  
  60  4:21  Roach x3, Extractor  
  60  4:22  Extractor  
  60  4:23  Overlord  
  64  4:25  Roach  
  66  4:50  Drone x8  
  66  4:52  Overlord x2  
  74  5:02  Overlord  
  74  5:03  Overlord  
  74  5:06  Overlord  
  74  5:10  Glial Reconstitution  
  74  5:16  Roach x8  
  89  5:23  Drone x3  
  92  5:29  Extractor  
  92  5:30  Extractor  
  92  5:35  Drone x7  
  97  5:39  Spire, Overseer  
  95  5:48  Drone x5  
  99  6:02  Drone x3  
  99  6:03  Drone  
  103  6:08  Hatchery  
  102  6:12  Zergling x2  
  102  6:13  Zergling x16  
  111  6:20  Zergling x2  
  111  6:22  Ravager x2  
  114  6:25  Overlord x2  
  109  6:33  Roach x2  
  107  6:45  Ravager, Roach  
  107  6:46  Roach x4  
  111  6:47  Roach  
  111  6:48  Roach x4  
  111  6:51  Roach x3  
  107  7:06  Roach x3  
  102  7:09  Roach  
  102  7:10  Roach x2  
Show
View Real Time Build Order
Export as new Build Order

iGMacSed Protoss - Winner!

Build Orders:  

Get SALT Encoding   

  12  0:01  Probe (Chrono Boost)  
  13  0:11  Probe (Chrono Boost)  
  14  0:20  Pylon  
  14  0:23  Probe (Chrono Boost)  
  15  0:38  Probe (Chrono Boost)  
  16  0:49  Probe (Chrono Boost)  
  17  0:59  Probe (Chrono Boost)  
  18  1:08  Nexus  
  18  1:15  Gateway  
  18  1:18  Probe (Chrono Boost)  
  19  1:24  Assimilator  
  19  1:28  Probe (Chrono Boost)  
  20  1:33  Assimilator  
  20  1:39  Probe (Chrono Boost)  
  21  1:49  Probe (Chrono Boost)  
  21  1:51  Pylon  
  22  2:00  Probe (Chrono Boost)  
  23  2:02  Cybernetics Core  
  23  2:09  Zealot  
  23  2:10  Probe (Chrono Boost)  
  26  2:20  Probe (Chrono Boost)  
  26  2:21  Probe (Chrono Boost)  
  28  2:30  Probe (Chrono Boost)  
  28  2:31  Probe (Chrono Boost)  
  30  2:38  Warp Gate  
  30  2:39  Adept  
  30  2:41  Mothership Core (Chrono Boost)  
  34  2:44  Probe (Chrono Boost)  
  34  2:51  Pylon  
  35  2:55  Probe (Chrono Boost)  
  36  3:00  Probe (Chrono Boost)  
  37  3:07  Probe (Chrono Boost)  
  37  3:08  Robotics Facility  
  37  3:10  Probe (Chrono Boost)  
  37  3:12  Adept  
  41  3:17  Probe (Chrono Boost)  
  42  3:21  Probe (Chrono Boost)  
  43  3:28  Probe (Chrono Boost), Pylon  
  43  3:31  Probe (Chrono Boost)  
  45  3:38  Probe (Chrono Boost)  
  45  3:40  Adept  
  48  3:45  Probe (Chrono Boost)  
  49  3:48  Probe (Chrono Boost)  
  49  3:55  Probe, Observer (Chrono Boost)  
  51  3:57  Gateway  
  51  3:59  Gateway  
  51  4:00  Probe, Gateway  
  53  4:07  Sentry (Chrono Boost)  
  53  4:08  Probe, Assimilator  
  53  4:09  Assimilator  
  56  4:11  Probe  
  56  4:14  Warp Prism (Chrono Boost)  
  57  4:17  Pylon  
  57  4:22  Probe  
  57  4:23  Probe  
  61  4:25  Pylon  
  61  4:42  Adept  
  61  4:45  Probe  
  64  4:46  Observer  
  64  4:48  Nexus  
  65  4:57  Pylon  
  65  4:58  Probe  
  66  5:01  Sentry x4  
  66  5:02  Immortal  
  78  5:08  Pylon  
  78  5:13  Twilight Council  
  78  5:15  Probe  
  79  5:27  Probe  
  79  5:28  Probe, Gateway  
  81  5:31  Gateway  
  81  5:33  Sentry, Pylon  
  81  5:34  Stalker  
  85  5:38  Immortal  
  89  5:49  Probe  
  90  5:51  Gateway  
  90  5:54  Stalker x2  
  94  5:59  Stalker  
  96  6:11  Stalker  
  96  6:18  Stalker x2  
  101  6:31  Stalker x3  
  101  6:47  Stalker x2  
  101  6:48  Stalker  
  101  6:53  Probe  
  104  7:01  Stalker x3  
  104  7:08  Stalker  
  102  7:10  Adept  
  102  7:11  Adept  
  102  7:13  Probe  
  103  7:17  Stalker  
  97  7:23  Stalker x2  
  97  7:26  Stalker  
  89  7:30  Zealot  
  89  7:33  Zealot x2  
Tags
 
Add a new tag
Caveats
  • Supply blocks, unpowered buildings, or Contaminate may cause inaccurate times.
  • Supply counts are checked every 10 seconds.